 Dungeon Crawl Stone Soup version 0.18.1-8-gdd0e5ea (webtiles) character file.

2326 Liquid the Carver (level 9, 0/93 HPs)
             Began as a Demonspawn Gladiator on June 1, 2016.
             Was a Believer of Trog.
             Slain by an ice beast (14 damage)
             ... on level 7 of the Dungeon.
             The game lasted 00:19:19 (6352 turns).

Liquid the Carver (Demonspawn Gladiator)            Turns: 6352, Time: 00:19:21

Health: 0/93       AC:  6    Str: 21 (22) XL:     9   Next: 19%
Magic:  9/9        EV: 12    Int:  7 (9)  God:    Trog [**....]
Gold:   241        SH:  9    Dex: 14 (16) Spells: 0 memorised, 8 levels left

rFire  . . .     SeeInvis +     C - +0 scimitar (curse)
rCold  . . .     Gourm    .     b - +0 leather armour
rNeg   . . .     Faith    .     t - +0 shield
rPois  .         Spirit   .     c - +0 helmet
rElec  .         Dismiss  .     (no cloak)
rCorr  +         Reflect  .     (no gloves)
SustAt .         Harm     .     (no boots)
MR     .....                    (no amulet)
Stlth  ..........               w - ring of wizardry
                                o - ring of resist corrosion

@: berserking, very slightly contaminated, drained, invisible, very quick, not
resistant to hostile enchantments, extremely unstealthy
A: yellow scales 1, see invisible, demonic guardian 1, deterioration 2, frail 1,
foul stench 1, rot immunity
a: Berserk, Trog's Hand, Burn Spellbooks, Renounce Religion


You were on level 7 of the Dungeon.
You worshipped Trog.
Trog was pleased with you.
You were hungry.

You visited 1 branch of the dungeon, and saw 7 of its levels.

You collected 269 gold pieces.

Inventory:

Hand Weapons
 C - a cursed +0 scimitar (weapon)
Missiles
 d - 4 throwing nets (quivered)
Armour
 b - a +0 leather armour (worn)
 c - a +0 helmet (worn)
 t - a +0 shield (worn)
Jewellery
 o - a ring of resist corrosion (left hand)
 w - a ring of wizardry (right hand)
 x - an uncursed ring of protection from cold {unknown}
Wands
 A - a wand of acid (4/15)
 E - a wand of random effects (7/48)
Scrolls
 e - a scroll of blinking {unknown}
 h - 3 scrolls of teleportation
 i - 2 scrolls of fear
 k - 2 scrolls of amnesia {unknown}
 m - 5 scrolls of remove curse {unknown}
 r - a scroll of random uselessness {unknown}
 u - a scroll of magic mapping {unknown}
 v - a scroll of noise {unknown}
 y - a scroll of immolation {unknown}
 G - 2 scrolls of recharging {unknown}
Potions
 l - a potion of ambrosia
 n - 3 potions of curing
 p - a potion of might {unknown}
 q - a potion of flight
Books
 s - a book of Summonings

   Spells                             Type                      Level
   a - Recall                         Summoning/Translocation      3
   b - Aura of Abjuration             Summoning                    5
   c - Summon Demon                   Summoning                    5
   d - Summon Forest                  Summoning/Translocation      5
   e - Summon Mana Viper              Hexes/Summoning              5
   f - Shadow Creatures               Summoning                    6
   Trog disapproves of the use of such an item.
Comestibles
 f - 2 bread rations
 g - 11 fruits
 z - a royal jelly
 F - 3 meat rations


   Skills:
 + Level 5.8(5.7) Fighting
 * Level 8.0(7.8) Long Blades
 - Level 1.7(1.6) Throwing
 + Level 5.9(5.8) Dodging
 - Level 3.4(3.2) Stealth
 + Level 2.1(2.0) Shields


You had 8 spell levels left.
You didn't know any spells.

Dungeon Overview and Level Annotations

Branches:
Dungeon (7/15)             Temple (0/1) D:6

Altars:
Ashenzari
Nemelex Xobeh
Sif Muna
Trog
Vehumet
Yredelemnul
The Shining One

Shops:
D:7 [

Annotations:
D:2 Sigmund


Innate Abilities, Weirdness & Mutations

You are partially covered in yellow scales (AC +2).
A weak demonic guardian rushes to your aid.
You may emit foul miasma when damaged in melee.
You are immune to rotting.
You have supernaturally acute eyesight.
Your body often deteriorates upon taking damage.
You are frail (-10% HP).


Message History

Your quasit disappears in a puff of smoke!
You block the orc's attack. You block the ice beast's attack.
The orc warrior hits you with a war axe!!
* * * LOW HITPOINT WARNING * * *
Unknown command.
You're too hungry to go berserk.
Eat which item? (? for menu, Esc to quit)
You don't have any such object.
Eat which item? (? for menu, Esc to quit)
Okay, then.
Eat which item? (? for menu, Esc to quit)
That beef jerky was delicious!
A red film seems to cover your vision as you go berserk!
You feel yourself moving faster!
You feel mighty!
You are feeling hungry.
The orc shouts!
The ice beast hits you.
* * * LOW HITPOINT WARNING * * *
The ice beast freezes you!
You die...

#.......... .
#.........#.# #..
.........#.##$..
................
########...<.....#
#.........#..#.#....
...............## #
#.......).))....####..
#∩........#(.@.......#
......##..o#Y#o###...
...............#
..#................# .
#.##.h.......##.##
..#..........# # .#
..####...[.# ...
......# ........


You could see an orc warrior, an ice beast, an orc (wandering) and a jackal
(wandering).

Vanquished Creatures
  Pikel (D:4)
  A hungry ghost (D:3)
  Duvessa (D:5)
  An ice beast (D:5)
  A sky beast (D:5)
  2 phantoms (D:5)
  A necrophage (D:6)
  2 ogres
  Blork the orc (D:6)
  A giant frog (D:6)
  Dowan (D:5)
  A water moccasin skeleton (D:6)
  The ghost of Heskey the Poker, a weakling DsGl (D:4)
  4 wights (D:6)
  A howler monkey (D:6)
  2 giant frog zombies
  3 orc priests
  3 giant frog skeletons
  A hound (D:4)
  2 orc wizards
  3 worker ants
  A howler monkey zombie (D:6)
  A worker ant zombie (D:5)
  8 adders
  2 worms
  4 giant geckos
  15 orcs
  7 bats
  6 giant cockroaches
  17 goblins
  5 hobgoblins
  8 jackals
  7 kobolds
  3 quokkas
  4 giant newts
  5 rats (D:1)
127 creatures vanquished.

Vanquished Creatures (collateral kills)
  A wight (D:6)
  An adder skeleton (D:5)
2 creatures vanquished.

Vanquished Creatures (others)
  An adder (D:4)
  A jackal (D:4)
  2 quokka skeletons (D:4)
4 creatures vanquished.

Grand Total: 133 creatures vanquished

Notes
Turn   | Place    | Note
--------------------------------------------------------------
     0 | D:1      | Liquid the Demonspawn Gladiator began the quest for the Orb.
     0 | D:1      | Reached XP level 1. HP: 16/16 MP: 1/1
   175 | D:1      | Reached skill level 3 in Long Blades
   191 | D:1      | Gained mutation: You are immune to rotting. [demonic ancestry]
   191 | D:1      | Reached XP level 2. HP: 17/22 MP: 2/2
   830 | D:2      | Noticed Sigmund
   874 | D:2      | Gained mutation: You may emit foul miasma when damaged in melee. [demonic ancestry]
   874 | D:2      | Reached XP level 3. HP: 20/28 MP: 3/3
  1739 | D:3      | Found a bloodstained altar of Trog.
  1766 | D:3      | Became a worshipper of Trog the Wrathful
  1849 | D:3      | Gained mutation: You are partially covered in yellow scales (AC +2). [demonic ancestry]
  1849 | D:3      | Reached XP level 4. HP: 19/34 MP: 4/4
  2194 | D:3      | Noticed a hungry ghost
  2265 | D:3      | Killed a hungry ghost
  2265 | D:3      | Reached skill level 4 in Long Blades
  2265 | D:3      | Reached XP level 5. HP: 13/41 MP: 5/5
  2597 | D:3      | Reached XP level 6. HP: 35/47 MP: 6/6
  2605 | D:3      | Reached skill level 5 in Long Blades
  2633 | D:3      | Reached * piety under Trog
  2754 | D:4      | Noticed Pikel
  2754 | D:4      | Noticed a slave
  2754 | D:4      | Noticed a slave
  2754 | D:4      | Noticed a slave
  2789 | D:4      | Found a glowing golden altar of the Shining One.
  2833 | D:4      | Noticed Heskey's ghost (weakling DsGl)
  2842 | D:4      | Killed Heskey's ghost
  2995 | D:4      | Killed Pikel
  2995 | D:4      | Reached skill level 6 in Long Blades
  2995 | D:4      | Gained mutation: A weak demonic guardian rushes to your aid. [demonic ancestry]
  2995 | D:4      | Reached XP level 7. HP: 35/55 MP: 7/7
  3559 | D:5      | Entered Level 5 of the Dungeon
  3576 | D:5      | Reached XP level 8. HP: 31/61 MP: 8/8
  3778 | D:5      | Noticed Duvessa
  3823 | D:5      | Noticed Dowan
  3831 | D:5      | Killed Duvessa
  3838 | D:5      | Killed Dowan
  3838 | D:5      | Reached skill level 5 in Fighting
  3838 | D:5      | Reached skill level 5 in Dodging
  3923 | D:5      | Found a shattered altar of Ashenzari.
  3972 | D:5      | Gained mutation: You evolve. [mutagenic meat]
  3973 | D:5      | Gained mutation: Your body sometimes deteriorates upon taking damage. [mutagenic meat]
  3974 | D:5      | Gained mutation: You have a pair of small horns on your head. [mutagenic meat]
  4048 | D:5      | Reached skill level 7 in Long Blades
  4358 | D:5      | Found a radiant altar of Vehumet.
  4522 | D:5      | Gained mutation: You have supernaturally acute eyesight. [potion of mutation]
  4522 | D:5      | Lost mutation: You have a pair of small horns on your head. [potion of mutation]
  4522 | D:5      | Gained mutation: Your body often deteriorates upon taking damage. [potion of mutation]
  4523 | D:5      | Lost mutation: You evolve. [potion of mutation]
  4523 | D:5      | Gained mutation: You are frail (-10% HP). [potion of mutation]
  4688 | D:6      | Found a staircase to the Ecumenical Temple.
  4812 | D:6      | Reached skill level 1 in Shields
  5287 | D:6      | Noticed Blork the orc
  5295 | D:6      | Found a deep blue altar of Sif Muna.
  5318 | D:6      | Killed Blork the orc
  5384 | D:6      | Found a sparkling altar of Nemelex Xobeh.
  5419 | D:6      | Reached XP level 9. HP: 58/62 MP: 9/9
  5775 | D:6      | Found a basalt altar of Yredelemnul.
  5917 | D:6      | Reached ** piety under Trog
  6322 | D:7      | Found Jiecs's Antique Armour Shop.
  6331 | D:7      | Reached skill level 8 in Long Blades
  6352 | D:7      | Slain by an ice beast

Skill      XL: |  1  2  3  4  5  6  7  8  9 |
---------------+----------------------------+-----
Long Blades    | 3 4 6 7 8 |  8.0
Dodging        | 3 4 5 |  5.9
Fighting       | 3 4 5 |  5.8
Stealth        | 2 3 |  3.4
Shields        | 1 2 |  2.1
Throwing       | |  1.7

Action                   |  1- 3 |  4- 6 |  7- 9 || total
-------------------------+-------+-------+-------++-------
Melee: Long sword        |   153 |   135 |   247 ||   535
       Headbutt          |       |       |     5 ||     5
       Scimitar          |       |       |    18 ||    18
Invok: Berserk           |       |     2 |     4 ||     6
Evoke: Deck              |       |       |     9 ||     9
  Use: Scroll            |     3 |       |     5 ||     8
       Potion            |       |       |     7 ||     7
 Stab: Sleeping          |     1 |       |     6 ||     7
       Distracted        |       |     1 |     1 ||     2
       Invisible         |       |       |     4 ||     4
  Eat: Chunk             |     3 |     6 |    10 ||    19
       Beef jerky        |       |     2 |     2 ||     4
       Royal jelly       |       |     1 |       ||     1
       Meat ration       |       |       |     1 ||     1
Armor: Leather armour    |    39 |    57 |    59 ||   155
Dodge: Dodged            |   121 |   106 |   143 ||   370
Block: Shield            |       |       |    71 ||    71
